Map: [ESL] Babylon

Players

Serral - Winner!

  • Race: Zerg Zerg
  • Spawn Location: 11:00

MaxPax

  • Race: Protoss Protoss
  • Spawn Location: 5:00

Event: ESL SC2 Masters 2023 Summer (Regionals)

VOD

Have the link to the VOD?

Description

Time

  • Played on: May 21, 2023, 3:46 p.m.
  • Length: 12:59

All games in this series

Show
View Real Time Build Order
Export as new Build Order

Serral Zerg - Winner!

Build Orders: Hatch First 

Get SALT Encoding   

  12  0:00  Drone  
  13  0:07  Drone  
  14  0:33  Hatchery  
  14  0:35  Drone  
  14  0:44  Overlord  
  14  0:50  Extractor, Drone  
  15  1:05  Spawning Pool  
  15  1:09  Drone  
  15  1:12  Drone  
  15  1:17  Drone  
  17  1:22  Drone  
  17  1:24  Extractor  
  17  1:31  Drone  
  18  1:42  Drone  
  18  1:45  Drone  
  20  1:51  Queen  
  20  1:52  Queen  
  24  1:57  Zergling x2  
  25  2:02  Overlord  
  25  2:06  Drone  
  26  2:08  Drone  
  26  2:14  Drone  
  28  2:22  Drone  
  29  2:25  Drone  
  29  2:29  Metabolic Boost  
  30  2:41  Hatchery  
  30  2:42  Drone  
  30  2:44  Drone  
  30  2:48  Overlord  
  31  2:55  Queen  
  31  2:58  Drone  
  33  2:59  Drone  
  33  3:01  Drone  
  33  3:05  Overlord  
  35  3:11  Queen  
  37  3:13  Drone  
  37  3:15  Drone  
  37  3:18  Drone  
  37  3:19  Drone  
  41  3:23  Drone x2  
  43  3:30  Queen  
  43  3:32  Drone  
  43  3:33  Drone  
  47  3:35  Drone  
  47  3:36  Overlord  
  48  3:46  Zergling x6  
  51  3:52  Queen  
  53  3:58  Spore Crawler  
  53  3:59  Drone x2, Spore Crawler  
  53  4:05  Drone x6  
  59  4:10  Overlord  
  59  4:12  Zergling x2  
  59  4:15  Drone x2  
  62  4:21  Zergling x2  
  62  4:22  Drone  
  64  4:27  Zergling x2  
  64  4:28  Evolution Chamber  
  64  4:33  Zergling x2  
  64  4:34  Drone  
  64  4:36  Zergling x2  
  64  4:37  Overlord, Drone  
  64  4:38  Drone  
  69  4:40  Drone x3  
  69  4:43  Queen  
  74  4:50  Overlord  
  74  4:56  Zerg Melee Weapons Level 1, Overlord  
  74  4:59  Spore Crawler, Hatchery  
  71  5:00  Drone x2  
  71  5:02  Drone  
  71  5:03  Drone  
  71  5:05  Drone x2  
  75  5:10  Drone x4  
  75  5:13  Zergling x2  
  80  5:19  Lair  
  80  5:21  Extractor x2, Drone x5  
  83  5:25  Zergling x2  
  83  5:26  Overlord  
  83  5:28  Drone  
  85  5:34  Drone x3  
  85  5:35  Drone  
  88  5:44  Drone x2  
  88  5:45  Overlord, Drone  
  88  5:48  Overlord  
  88  5:49  Extractor x2, Baneling Nest  
  88  5:51  Zergling x6  
  88  5:54  Zergling x2  
  92  5:57  Overlord  
  92  6:07  Drone x4  
  92  6:08  Drone  
  92  6:10  Overlord  
  97  6:13  Zergling x10  
  97  6:17  Drone  
  103  6:21  Hydralisk Den  
  103  6:22  Drone x3  
  106  6:28  Overlord  
  106  6:30  Drone  
  107  6:33  Zergling x12  
  107  6:36  Zergling x2  
  107  6:38  Hatchery  
  107  6:39  Zergling x6  
  114  6:45  Centrifugal Hooks  
  113  6:47  Zergling x12  
  113  6:51  Muscular Augments  
  117  6:54  Overlord  
  117  6:58  Zergling x8  
  117  6:59  Overlord  
  121  7:03  Zerg Melee Weapons Level 2  
  121  7:10  Evolution Chamber  
  121  7:14  Drone x2  
  120  7:17  Hydralisk x10  
  139  7:24  Overlord  
  139  7:25  Hydralisk x4  
  145  7:31  Zergling x8  
  148  7:37  Zergling x16  
  155  7:46  Overlord  
  155  7:49  Zergling x8  
  152  7:52  Zergling x12  
  152  7:57  Hydralisk x3  
  154  8:01  Zergling x4  
  154  8:02  Grooved Spines  
  154  8:06  Hydralisk, Zergling x6  
  154  8:10  Zergling x4  
  161  8:15  Zergling x10  
  167  8:20  Zergling x6  
  167  8:23  Zergling x8  
  167  8:24  Baneling  
  167  8:25  Baneling x14, Overseer  
  171  8:34  Overlord, Zergling x4  
  171  8:35  Zergling x10  
  171  8:37  Baneling  
  171  8:38  Baneling x12  
  171  8:41  Zergling x4  
  179  8:44  Zergling x10  
  178  8:48  Zergling x2  
  177  8:56  Zergling x18  
  179  9:03  Zergling x2  
  179  9:04  Zergling x8  
  179  9:09  Baneling x11  
  174  9:12  Zergling x2  
  174  9:13  Zergling x14  
  174  9:16  Baneling x10  
  179  9:20  Drone x2  
  179  9:23  Overlord  
  181  9:28  Infestation Pit, Zergling x16  
  187  9:32  Zergling x6  
  179  9:40  Zergling x12  
  171  9:46  Zergling x6  
  171  9:51  Zergling x8  
  171  9:52  Zergling x2  
  161  9:58  Roach Warren, Zergling x12  
  164  10:00  Zergling x2  
  164  10:04  Hive  
  166  10:10  Overlord x6  
  166  10:11  Queen  
  164  10:18  Baneling x5  
  164  10:20  Hatchery, Baneling x6  
  163  10:22  Extractor  
  163  10:23  Drone x3  
  163  10:27  Zergling x12  
  171  10:33  Zerg Missile Weapons Level 1  
  171  10:34  Zergling x10  
  176  10:40  Zergling x8  
  180  10:52  Drone  
  180  10:53  Drone x2  
  180  10:54  Zergling x10  
  180  10:55  Zergling x4  
  190  10:59  Baneling x7  
  189  11:06  Drone  
  189  11:08  Spine Crawler  
  190  11:11  Drone  
  190  11:16  Viper x3  
  198  11:21  Hatchery  
  191  11:34  Zergling x16  
  199  11:41  Baneling x4  
  199  11:42  Baneling x2  
  199  11:48  Zergling x2, Lurker Den  
  199  11:54  Baneling x15  
  197  11:57  Spine Crawler x2  
  197  11:59  Drone x3  
  197  12:01  Extractor  
  197  12:04  Drone x2, Extractor  
  197  12:05  Drone  
  199  12:09  Baneling x3  
  194  12:32  Zergling x2  
  194  12:33  Zergling x10  
  194  12:35  Baneling x5  
  194  12:36  Baneling  
Show
View Real Time Build Order
Export as new Build Order

MaxPax Protoss 

Build Orders: 1 Gate Expand, Oracle Opening 

Get SALT Encoding   

  12  0:01  Probe  
  13  0:13  Probe  
  14  0:20  Pylon  
  14  0:25  Probe  
  15  0:38  Probe (Chrono Boost)  
  15  0:39  Gateway  
  16  0:47  Probe (Chrono Boost)  
  17  0:50  Assimilator  
  17  0:53  Probe  
  18  1:05  Probe  
  20  1:18  Probe  
  20  1:27  Nexus  
  20  1:38  Cybernetics Core  
  20  1:40  Probe  
  20  1:44  Assimilator  
  21  1:52  Probe  
  22  1:55  Pylon  
  22  2:04  Probe (Chrono Boost)  
  23  2:13  Adept  
  23  2:14  Warp Gate  
  26  2:16  Probe (Chrono Boost)  
  26  2:22  Probe (Chrono Boost)  
  27  2:31  Probe (Chrono Boost)  
  27  2:32  Stargate  
  28  2:39  Probe (Chrono Boost)  
  28  2:43  Probe (Chrono Boost)  
  30  2:45  Stalker  
  30  2:48  Probe (Chrono Boost)  
  30  2:49  Probe (Chrono Boost)  
  34  2:53  Probe (Chrono Boost)  
  34  2:57  Probe  
  36  3:05  Probe  
  37  3:06  Gateway  
  37  3:09  Probe  
  38  3:13  Oracle (Chrono Boost)  
  38  3:17  Probe  
  38  3:19  Pylon  
  42  3:22  Probe  
  42  3:26  Adept  
  45  3:29  Probe  
  46  3:37  Probe  
  46  3:40  Oracle (Chrono Boost)  
  47  3:43  Probe  
  47  3:48  Pylon  
  51  3:51  Probe  
  51  3:55  Probe  
  53  3:58  Nexus  
  53  4:03  Probe  
  53  4:07  Probe  
  55  4:10  Assimilator  
  55  4:11  Assimilator  
  55  4:12  Adept  
  55  4:13  Adept  
  55  4:16  Pylon  
  59  4:19  Probe  
  59  4:22  Probe  
  61  4:31  Oracle (Chrono Boost)  
  61  4:34  Probe  
  65  4:39  Probe  
  66  4:46  Probe, Twilight Council  
  66  4:47  Forge  
  66  4:50  Gateway  
  67  4:53  Probe  
  67  4:58  Probe  
  69  5:05  Probe, Gateway  
  70  5:10  Probe (Chrono Boost)  
  70  5:12  Probe (Chrono Boost)  
  70  5:13  Stalker x2, Shield Battery  
  76  5:17  Probe (Chrono Boost)  
  77  5:23  Blink, Protoss Ground Weapons Level 1 (Chrono Boost)  
  77  5:26  Probe (Chrono Boost)  
  77  5:27  Probe (Chrono Boost), Pylon  
  79  5:29  Probe (Chrono Boost)  
  79  5:31  Probe (Chrono Boost)  
  81  5:40  Probe  
  82  5:44  Probe  
  82  5:47  Probe  
  82  5:49  Stalker x3  
  90  5:50  Gateway  
  90  5:52  Gateway, Probe  
  90  5:56  Probe, Pylon  
  92  5:59  Probe  
  92  6:00  Forge  
  92  6:03  Robotics Facility  
  93  6:10  Pylon  
  93  6:20  Stalker x4  
  93  6:22  Photon Cannon  
  101  6:25  Pylon  
  101  6:32  Nexus  
  101  6:36  Probe  
  101  6:37  Protoss Ground Armor Level 1 (Chrono Boost)  
  102  6:44  Photon Cannon  
  102  6:51  Stalker  
  102  6:52  Stalker x5  
  102  6:54  Probe  
  115  6:59  Probe  
  116  7:08  Pylon  
  116  7:10  Probe, Protoss Ground Weapons Level 2 (Chrono Boost)  
  116  7:11  Gateway  
  116  7:14  Warp Prism (Chrono Boost)  
  117  7:16  Probe x2  
  117  7:21  Charge (Chrono Boost)  
  117  7:22  Shield Battery  
  117  7:23  Pylon  
  117  7:26  Probe  
  117  7:28  Probe, Stalker x3  
  125  7:33  Gateway  
  125  7:36  Photon Cannon  
  125  7:40  Pylon  
  125  7:41  Probe  
  126  7:50  Probe  
  127  7:51  Stalker x4  
  127  7:57  Probe  
  127  7:58  Probe  
  135  8:00  Probe  
  135  8:03  Probe  
  135  8:05  Robotics Bay  
  133  8:06  Pylon  
  133  8:09  Zealot x3  
  133  8:10  Probe x2  
  133  8:12  Probe  
  142  8:15  Pylon, Zealot x2  
  142  8:16  Zealot x2  
  150  8:26  Probe  
  145  8:28  Nexus  
  145  8:29  Stalker x2  
  145  8:30  Stalker  
  151  8:36  Photon Cannon  
  151  8:37  Observer (Chrono Boost), Shield Battery  
  150  8:52  Stalker x5  
  150  8:53  Shield Battery  
  158  8:55  Protoss Ground Armor Level 2 (Chrono Boost)  
  153  9:03  Colossus (Chrono Boost)  
  153  9:06  Probe  
  145  9:13  Zealot x3  
  145  9:15  Zealot x5  
  160  9:19  Gateway  
  160  9:23  Gateway  
  160  9:24  Extended Thermal Lance  
  160  9:26  Photon Cannon  
  160  9:33  Pylon  
  160  9:36  Stalker x2  
  151  9:43  Stalker x5  
  122  9:53  Probe x3  
  122  9:59  Probe  
  125  10:03  Colossus (Chrono Boost)  
  125  10:05  Probe x2  
  133  10:10  Probe  
  133  10:13  Zealot x3  
  124  10:17  Protoss Ground Weapons Level 3 (Chrono Boost)  
  124  10:19  Probe  
  125  10:21  Probe  
  125  10:22  Probe  
  125  10:25  Probe  
  128  10:31  Probe  
  128  10:33  Probe  
  128  10:35  Probe  
  138  10:43  Probe  
  138  10:46  Probe  
  138  10:49  Zealot x4, Colossus (Chrono Boost)  
  144  10:51  Probe x2  
  144  10:56  Zealot x2  
  150  11:01  Probe  
  151  11:04  Probe, Assimilator  
  151  11:05  Assimilator  
  151  11:06  Shield Battery  
  152  11:12  Probe x2  
  152  11:13  Probe  
  152  11:17  Photon Cannon, Observer (Chrono Boost)  
  153  11:25  Stalker x3  
  149  11:28  Colossus (Chrono Boost)  
  153  11:36  Probe x2  
  153  11:37  Assimilator  
  153  11:38  Assimilator  
  155  11:40  Probe  
  155  11:41  Templar Archives  
  156  11:48  Zealot x5  
  156  11:51  Probe  
  170  12:08  Zealot x2  
  171  12:11  Pylon  
  171  12:15  Pylon  
  171  12:19  Observer (Chrono Boost)  
  171  12:21  Nexus  
  172  12:23  Pylon  
  172  12:32  High Templar x2  
  172  12:33  High Templar x2  
  172  12:44  Archon  
  119  12:52  Stalker x6  
Tags
 
Add a new tag
Caveats
  • Supply blocks, unpowered buildings, or Contaminate may cause inaccurate times.
  • Supply counts are checked every 10 seconds.